 Dungeon Crawl Stone Soup version 0.30-a0-920-g7493c07aab (webtiles) character file.

Game seed: 10193198695220590059

170 cforsyth the Covered (level 5, 0/42 HPs)
             Began as a Human Fighter on Mar 21, 2023.
             Succumbed to a scorpion's poison
             ... on level 3 of the Dungeon.
             The game lasted 00:04:02 (3329 turns).

cforsyth the Covered (Human Fighter)                Turns: 3329, Time: 00:04:02

Health: 0/42       AC:  8    Str: 18    XL:     5   Next: 80%
Magic:  5/5        EV:  9    Int:  9    God:
Gold:   137        SH:  5    Dex: 12    Spells: 4/4 levels left

rFire   . . .      SeeInvis +    a - +0 flail
rCold   . . .      Faith    .    c - +0 buckler
rNeg    . . .      Spirit   .    b - +0 scale mail
rPois   .          Reflect  .    (no helmet)
rElec   .          Rampage  .    (no cloak)
rCorr   .                        t - +0 pair of gloves
Will    .....                    (no boots) Stlth
                                 (no amulet)
HPRegen 0.27/turn                j - ring of see invisible
MPRegen 0.09/turn                (no ring)

@: lethally poisoned (0 -> -5)
A: no striking features
a: no special abilities


You were on level 3 of the Dungeon.
You visited 1 branch of the dungeon, and saw 4 of its levels.

You collected 137 gold pieces.

Inventory:

Hand Weapons
 a - a +0 flail (weapon)
Armour
 b - a +0 scale mail (worn)
 c - a +0 buckler (worn)
 t - a +0 pair of gloves (worn)
Jewellery
 j - a ring of see invisible (left hand)
 m - a ring of protection from cold
 n - a ring of magical power
 q - a +6 ring of dexterity
 u - a ring of resist corrosion
Scrolls
 e - 2 scrolls of torment {unknown}
 g - 7 scrolls of identify {unknown}
 h - 3 scrolls of teleportation {unknown}
 k - a scroll of amnesia {unknown}
 o - 2 scrolls of noise {unknown}
 r - a scroll of enchant weapon {unknown}
 v - a scroll of silence {unknown}
Potions
 d - a potion of might
 f - 2 potions of lignification {unknown}
 i - a potion of mutation {unknown}
 l - 2 potions of flight {unknown}
 p - 2 potions of curing {unknown}
 s - a potion of attraction {unknown}


   Skills:
 + Level 3.9 Fighting
 + Level 3.2 Maces & Flails
 + Level 4.0 Armour
 + Level 3.9 Shields


You had 4 spell levels left.
You didn't know any spells.
Your spell library contained the following spells:

 Spells                   Type           Power      Damage    Failure   Level
 Freeze                   Ice            0%         1d3       85%         1
 Cigotuvi's Dreadful Rot  Necr/Pois/Air  0%         N/A       94%         2
 Frozen Ramparts          Ice            0%         1d1       99%         3
 Hailstorm                Conj/Ice       0%         3d3       99%         3
 Dispel Undead            Necr           0%         3d6       100%        4
 Death Channel            Necr           0%         N/A       100%        6


Dungeon Overview and Level Annotations

Branches:
Dungeon (4/15)
 Temple: D:4-7

Altars:
Kikubaaqudgha

Shops:
D:4 :

Annotations:
D:3 3 runed translucent doors, Crazy Yiuf; relicbr's ghost, amateur SpDe
D:4 Sigmund


Message History

The scorpion poisons you!
You barely miss the scorpion.
The scorpion is moderately wounded.
You feel very sick. The scorpion stings you. x2
You closely miss the scorpion.
The scorpion is moderately wounded.
You feel sick.
The scorpion stings you but does no damage.
You barely miss the scorpion.
The scorpion is moderately wounded.
You feel sick.
The scorpion stings you but does no damage.
The scorpion stings you.
You are more poisoned.
The scorpion poisons you!
You closely miss the scorpion.
The scorpion is moderately wounded.
You feel very sick. The scorpion misses you.
You hit the scorpion.
The scorpion is heavily wounded.
You feel very sick. The scorpion stings you.
* * * LOW HITPOINT WARNING * * *
You hit the scorpion but do no damage.
The scorpion is heavily wounded.
* * * LOW HITPOINT WARNING * * *
You feel very sick. The scorpion stings you.
* * * LOW HITPOINT WARNING * * *
The scorpion stings you but does no damage.
You hit the scorpion.
The scorpion is severely wounded.
* * * LOW HITPOINT WARNING * * *
You feel sick. The scorpion stings you.
* * * LOW HITPOINT WARNING * * *
You hit the scorpion.
The scorpion is severely wounded.
You die...

...#......##############.#
#..#......########### #.#
#..#................# #.#
#..#......#########.# #.#
#..#.....## #.# #.#
#..#...#.##########.####.#
#..#...#...............#.#
#..#.........>#####.##.#.###
#..#...#......Ss@..........#
#..'...#'##########.#..#####
#..#.........# #.#.##
)..#.........# #.#.#
...#.........# #.#.#
####.....##### #.#.#
.......### #.#.#
.......######## #.#.#
#####.........# #.#.#


You could see a scorpion and a ball python.

Vanquished Creatures
  Jessica (D:3)
  An iguana (D:3)
  Robin (D:2)
  3 adders
  4 dart slugs
  An orc (D:3)
  3 endoplasms
  3 giant cockroaches
  13 goblins
  8 hobgoblins
  6 quokkas
  9 ball pythons
  7 bats
  5 frilled lizards
  4 kobolds (D:2)
  2 rats
71 creatures vanquished.

Notes
Turn   | Place    | Note
-------+----------+-------------------------------------------
     0 | D:1      | cforsyth the Human Fighter began the quest for the Orb.
     0 | D:1      | Reached XP level 1. HP: 18/18 MP: 1/1
    26 | D:1      | Reached XP level 2. HP: 17/24 MP: 2/2
   210 | D:1      | Reached XP level 3. HP: 29/29 MP: 3/3
   726 | D:2      | Reached XP level 4. HP: 34/35 MP: 4/4
   791 | D:2      | Found an ancient bone altar of Kikubaaqudgha.
  1146 | D:3      | Found a runed translucent door.
  1148 | D:3      | Noticed relicbr's ghost (amateur SpDe)
  1190 | D:3      | Found a runed translucent door.
  1744 | D:3      | Noticed Jessica
  1746 | D:3      | Killed Jessica
  1747 | D:3      | Reached XP level 5. HP: 42/42 MP: 5/5
  2001 | D:3      | Found a runed translucent door.
  2002 | D:3      | Noticed Crazy Yiuf
  2306 | D:4      | Noticed Robin
  2307 | D:4      | Noticed Sigmund
  2597 | D:2      | Killed Robin
  2769 | D:3      | Reached skill level 4 in Armour
  3244 | D:4      | Found Tiesocio's Tremendous Tomes.
  3328 | D:3      | HP: 2/42 [scorpion (3)]
  3329 | D:3      | Succumbed to a scorpion's poison

Illustrated notes

Levels and vault maps discovered:
D:1:      wander_arrival_chamber, layout_rooms, grunt_decor_resistance,
          serial_bayou_ford_a, minmay_tiny_reverse_x
D:2:      layout_basic, basic_altar
D:3:      layout_basic, ebering_ghost_sewer_f, minivault_23, roderic_lattice_a,
          uniq_crazy_yiuf_cottage, uniq_jessica
D:4:      layout_rooms, minmay_temple_entry_wispy,
          nicolae_shop_i_like_big_books, minmay_liquid_box, serial_bayou_pond_a,
          uniq_sigmund, uniq_blork_the_orc, uniq_robin

Skill      XL: |  1  2  3  4  5 |
---------------+----------------+-----
Maces & Flails | 3 |  3.2
Armour         | 4 |  4.0
Fighting       | |  3.9
Shields        | |  3.9

Action                     |  1- 3 |  4- 6 || total
---------------------------+-------+-------++-------
  Melee: Flail             |    96 |   139 ||   235
 Armour: Scale mail        |    52 |    76 ||   128
  Dodge: Dodged            |    63 |   106 ||   169
  Block: Buckler           |    26 |    45 ||    71

Table legend: (Time is in decaauts)
 A = Elapsed time spent in this place.
 B = Non-inter-level travel time spent in this place.
 C = Inter-level travel time spent in this place.
 D = Time resting spent in this place.
 E = Time spent auto-exploring this place.
 F = Levels seen in this place.
 G = Mean time per level.
                   A        B        C        D        E       F      G
               +--------+--------+--------+--------+--------+-----+--------+
         Total |   3419 |   3305 |    114 |    494 |   2093 |   4 |  854.8 |
       Dungeon |   3419 |   3305 |    114 |    494 |   2093 |   4 |  854.8 |
               +--------+--------+--------+--------+--------+-----+--------+

Top non-repeatable levels by time:
     D:3: 1921 daAuts
     D:2: 671 daAuts
     D:1: 627 daAuts
     D:4: 199 daAuts
